 Dungeon Crawl Stone Soup version 0.25-a0-857-g60a0bcd8b5 (webtiles) character file.

Game seed: 8687308934522735085, levelgen mode: deterministic

308 Esekla the Slasher (level 6, -4/42 HPs)
             Began as an Octopode Warper on Apr 26, 2020.
             Slain by a centaur (9 damage)
             ... on level 5 of the Dungeon.
             The game lasted 00:15:28 (1835 turns).

Esekla the Slasher (Octopode Warper)                Turns: 1835, Time: 00:15:29

Health: -4/42      AC:  1    Str: 16    XL:     6   Next: 40%
Magic:  18/19      EV: 13    Int: 21    God:
Gold:   51         SH:  3    Dex: 11    Spells: 6/10 levels left

rFire    . . .     SeeInvis +   a - +0 falchion
rCold    . . .     Gourm    .   b - +0 buckler
rNeg     . . .     Faith    .   (helmet restricted)
rPois    .         Spirit   .   (no amulet)
rElec    .         Reflect  .   j - +5 ring of strength
rCorr    .         Harm     .   m - ring of Pakeon {*Slow +Inv MP+9 Int+4 SInv}
MR       .....                  (no ring)
Stlth    ++........             (no ring)
HPRegen  0.14/turn              (no ring)
MPRegen  0.16/turn              (no ring)
                                (no ring)
                                (no ring)

@: no status effects
A: almost no armour, stealthy swim, amphibious, 8 rings, constrict 8, camouflage
1, gelatinous body 1
a: Evoke Invisibility


You were on level 5 of the Dungeon.
You were not hungry.

You visited 1 branch of the dungeon, and saw 5 of its levels.

You collected 51 gold pieces.

Inventory:

Hand Weapons
 a - a +0 falchion (weapon)
 o - a +0 dagger of venom
Missiles
 d - 5 boomerangs of dispersal
 g - 14 poisoned darts (quivered)
 q - 8 javelins
Armour
 b - a +0 buckler (worn)
Jewellery
 j - a +5 ring of strength (left tentacle)
 m - the ring of Pakeon (right tentacle) {*Slow +Inv MP+9 Int+4 SInv}
   (You found it on level 5 of the Dungeon)

   [ring of magical power]

   It affects your intelligence (+4).
   It affects your magic capacity (+9).
   It lets you see invisible.
   It lets you turn invisible.
   It may slow you when you take damage.
 p - an uncursed ring of protection from cold {unknown}
Wands
 n - a wand of disintegration (11)
Scrolls
 c - a scroll of blinking
 h - a scroll of fog {unknown}
Potions
 i - a potion of haste {unknown}
 k - a potion of flight {unknown}
 l - a potion of mutation {unknown}
 r - a potion of brilliance {unknown}
Comestibles
 f - 7 rations


   Skills:
 * Level 3.1 Fighting
 * Level 3.8 Long Blades
 - Level 1.0 Throwing
 + Level 3.4 Dodging
 * Level 1.5 Shields
 + Level 2.7 Spellcasting
 * Level 1.7 Charms
 + Level 3.4 Translocations


You had 6 spell levels left.
You knew the following spells:

 Your Spells              Type           Power        Failure   Level  Hunger
a - Shroud of Golubria    Chrm/Tloc      ##....       10%         2    ##.....
b - Blink                 Tloc           N/A          7%          2    ##.....

Your spell library contained the following spells:

 Spells                   Type           Power        Failure   Level  Hunger
 Gell's Gravitas          Tloc           ###.......   14%         3    ###....
 Lesser Beckoning         Tloc           ###.......   14%         3    ###....
 Teleport Other           Tloc           ###.....     14%         3    ###....
 Passage of Golubria      Tloc           N/A          41%         4    ####...
 Cause Fear               Hex            #.........   88%         4    ####...
 Silence                  Hex/Air        #.........   99%         5    ######.
 Yara's Violent Unravell  Hex/Tmut       #.........   99%         5    ######.
 Discord                  Hex            #.........   100%        8    #######


Dungeon Overview and Level Annotations

Branches:
Dungeon (5/15)
 Temple: D:4-7

Altars:
Dithmenos
Okawaru
Ru


Innate Abilities, Weirdness & Mutations

You cannot wear most types of armour.
You are very stealthy in the water. (Stealth+)
You are amphibious.
You can wear up to eight rings at the same time.
You can use your tentacles to constrict eight enemies at once.
Your skin changes colour to match your surroundings (Stealth+).
Your rubbery body absorbs attacks. (AC +1, EV +1)


Message History

You hit the centaur. You squeeze the centaur.
The centaur is almost dead.
The centaur misses you.
A worker ant comes into view.
The worker ant barely misses you. The jackal closely misses you.
Your shroud bends the centaur's attack away.
The worker ant barely misses you.
You barely miss the centaur.
The centaur is severely wounded.
The worker ant twitches its antennae in your direction.
The jackal barely misses you. The centaur hits you!
* * * LOW HITPOINT WARNING * * *
Your shroud falls apart!
The worker ant barely misses you.
Okay, then.
You feel better. The centaur hits you!
* * * LOW HITPOINT WARNING * * *
The adder closely misses you. The worker ant closely misses you.
The centaur hits you!
You die...

.. .....# #.....###
+......># #.....#.#
##.....#.########
....a.h#.(......########
#.hha(######.........
#..S@.# ########.#
+..c.$........#.....#
#.%...#######.#.#####
#.....# ##..#.#....
####..# ###...#.#.#.#
##.# #.......#.#.#
#..##...)...#.#.#
#.#............#
#..._..8.._.#..#


You could see a centaur, 2 worker ants, an adder and 3 jackals.

Vanquished Creatures
  A centaur (D:5)
  A scorpion (D:5)
  A crimson imp (D:5)
  A bullfrog skeleton (D:5)
  A hound (D:4)
  A worker ant (D:4)
  3 adders
  A shadow imp (D:5)
  An ooze (D:1)
  An adder skeleton (D:4)
  3 leopard geckos
  2 giant cockroaches
  8 goblins
  A kobold (D:1)
  A ball python (D:4)
  2 bats
  3 frilled lizards
32 creatures vanquished.

Notes
Turn   | Place    | Note
-------+----------+-------------------------------------------
     0 | D:1      | Esekla the Octopode Warper began the quest for the Orb.
     0 | D:1      | Reached XP level 1. HP: 14/14 MP: 3/3
   326 | D:1      | Reached XP level 2. HP: 19/19 MP: 5/5
   438 | D:2      | Learned a level 2 spell: Shroud of Golubria
   441 | D:2      | Learned a level 2 spell: Blink
   502 | D:3      | Found a sacrificial altar of Ru.
   518 | D:5      | Entered Level 5 of the Dungeon
   529 | D:5      | Noticed a centaur
   911 | D:4      | Reached XP level 3. HP: 21/25 MP: 3/6
   973 | D:4      | Reached XP level 4. HP: 27/30 MP: 4/7
  1036 | D:4      | Noticed an ogre
  1072 | D:5      | Noticed an ice beast
  1074 | D:5      | Reached skill level 1 in Charms
  1074 | D:5      | Reached XP level 5. HP: 35/35 MP: 4/8
  1083 | D:5      | Got a vibrating jade ring
  1084 | D:5      | Identified the ring of Pakeon {*Slow +Inv MP+9 Int+4 SInv}
                  | (You found it on level 5 of the Dungeon)
  1277 | D:4      | Reached skill level 1 in Shields
  1544 | D:5      | Found a shadowy altar of Dithmenos.
  1544 | D:5      | Found an iron altar of Okawaru.
  1573 | D:5      | Killed a centaur
  1573 | D:5      | Reached XP level 6. HP: 10/42 MP: 9/9
  1835 | D:5      | Slain by a centaur

Levels and vault maps discovered:
D:1:      dpeg_arrival_tiny_c, layout_rooms
D:2:      layout_basic, grunt_temple_overflow_magic_moments,
          lemuel_crystal_altar, nicolae_overflow_crystal_walls, first_ration,
          uniq_sigmund
D:3:      layout_basic, nicolae_ru_sacrificial_ziggurat
D:4:      layout_gridville, amethyst_overflow_temple_binary, serial_shops,
          nicolae_shop_behind_doors, kennysheep_doodads, minmay_ogre_servants
D:5:      layout_basic, demons_altar, grunt_temple_overflow_open, uniq_eustachio

Skill      XL: |  1  2  3  4  5 |
---------------+----------------+-----
Dodging        | 3 |  3.4
Long Blades    | 3 |  3.8
Charms         | 1 |  1.7
Shields        | 1 |  1.5
Fighting       | 3 |  3.1
Throwing       | |  1.0
Spellcasting   | |  2.7
Translocations | |  3.4

Action                   |  1- 3 |  4- 6 || total
-------------------------+-------+-------++-------
Melee: Falchion          |    23 |    48 ||    71
       Constrict         |     8 |    11 ||    19
       Tentacles         |     4 |    11 ||    15
Throw: Dart              |     3 |     4 ||     7
 Cast: Shroud of Golubri |     4 |     8 ||    12
       Blink             |       |     4 ||     4
  Use: Scroll            |     1 |       ||     1
       Potion            |       |     2 ||     2
 Stab: Sleeping          |     2 |       ||     2
  Eat: Chunk             |       |     4 ||     4
Armor: Skin              |     2 |     2 ||     4
Dodge: Dodged            |    17 |    50 ||    67
Block: Buckler           |       |     8 ||     8
       Rpst.: Falchion   |     7 |    13 ||    20

Table legend:
 A = Non-vault XP
 B = Vault XP
 C = Vault XP percentage of total XP
 D = Non-vault monster count
 E = Vault monster count
 F = Vault count percentage of total count
                 A         B        C        D         E       F
            +---------+---------+-------+---------+---------+-------
      Total |     430 |      11 |   2.5 |      25 |       7 |  21.9
            +---------+---------+-------+---------+---------+-------
        D:1 |      12 |       0 |   0.0 |       4 |       0 |   0.0
        D:2 |       2 |       0 |   0.0 |       2 |       0 |   0.0
        D:3 |      18 |       0 |   0.0 |       4 |       0 |   0.0
        D:4 |      96 |      11 |  10.3 |       6 |       7 |  53.8
        D:5 |     302 |       0 |   0.0 |       9 |       0 |   0.0
            +---------+---------+-------+---------+---------+-------
